 Dungeon Crawl Stone Soup version 0.25-a0-366-g516bc45ae0 (webtiles) character file.

Game seed: 13959570526920258694, levelgen mode: deterministic

646 mopl the Chopper (level 7, -11/61 HPs)
             Began as a Hill Orc Monk on Jan 6, 2020.
             Was a Believer of Beogh.
             Killed by nerve-wracking pain
             ... invoked by an orc priest
              (14 damage)
             ... on level 5 of the Dungeon.
             The game lasted 00:07:01 (4686 turns).

mopl the Chopper (Hill Orc Monk)                    Turns: 4686, Time: 00:07:02

Health: -11/61     AC: 15    Str: 16    XL:     7   Next: 52%
Magic:  10/10      EV:  5    Int: 10    God:    Beogh [**....]
Gold:   86         SH:  0    Dex: 13    Spells: 6/6 levels left

rFire    . . .     SeeInvis .   a - +0 hand axe
rCold    . . .     Gourm    .   (no shield)
rNeg     . . .     Faith    .   d - +0 plate armour
rPois    .         Spirit   .   f - +2 helmet
rElec    .         Reflect  .   (no cloak)
rCorr    .         Harm     .   u - +0 pair of gloves
MR       .....                  (no boots)
Stlth    ..........             (no amulet)
HPRegen  0.20/turn              (no ring)
MPRegen  0.12/turn              (no ring)

@: no status effects
A: no striking features
a: Smiting, Renounce Religion


You were on level 5 of the Dungeon.
You worshipped Beogh.
Beogh was pleased with you.
You were hungry.

You visited 1 branch of the dungeon, and saw 5 of its levels.

You collected 122 gold pieces.
You spent 36 gold pieces at shops.

Inventory:

Hand Weapons
 a - a +0 hand axe (weapon)
 n - the +7 flail of Nism {flame, *Slow MP+9 Str+2 Int+6}
   (You found it on level 4 of the Dungeon)

   It has been specially enchanted to burn those struck by it, causing extra
   injury to most foes and up to half again as much damage against particularly
   susceptible opponents.
   It affects your strength (+2).
   It affects your intelligence (+6).
   It affects your magic capacity (+9).
   It may slow you when you take damage.
Missiles
 m - 10 boomerangs (quivered)
 q - 13 bolts
 r - 8 atropa-tipped darts
Armour
 d - a +0 plate armour (worn)
 f - a +2 helmet (worn)
 u - a +0 pair of gloves (worn)
Scrolls
 b - a scroll of noise {unknown}
 e - 2 scrolls of remove curse
 g - 2 scrolls of blinking {unknown}
 i - a scroll of fear {unknown}
 j - 3 scrolls of magic mapping {unknown}
 l - 2 scrolls of identify
 o - a scroll of enchant weapon {unknown}
 s - a scroll of fog {unknown}
Potions
 h - a potion of brilliance
 k - a potion of haste
 t - a potion of flight
Comestibles
 c - 11 rations


   Skills:
 + Level 5.5 Fighting
 * Level 7.8 Axes
 + Level 3.6 Armour
 - Level 2.4 Dodging
 - Level 1.5 Stealth
 * Level 4.0 Invocations


You had 6 spell levels left.
You didn't know any spells.
Your spell library was empty.

Dungeon Overview and Level Annotations

Branches:
Dungeon (5/15)
 Temple: D:4-7

Altars:
Ashenzari
Hepliaklqana
Makhleb

Shops:
D:5 (*

Annotations:
D:3 Grinder


Message History

You hit the orc priest but do no damage.
The orc priest is moderately wounded.
You hit the orc priest.
The orc priest is heavily wounded.
The orc priest hits you with a +3 hand axe.
* * * LOW HITPOINT WARNING * * *
You hit the orc priest but do no damage.
The orc priest is heavily wounded.
The orc priest hits you with a +3 hand axe.
* * * LOW HITPOINT WARNING * * *
You closely miss the orc priest.
The orc priest is heavily wounded.
The orc priest hits you with a +3 hand axe.
* * * LOW HITPOINT WARNING * * *
You hit the orc priest but do no damage.
The orc priest is heavily wounded.
The orc priest calls down the wrath of Beogh upon you.
Pain shoots through your body!
You die...
Beogh appreciates the orc priest's killing of a heretic priest.

###.....# #.#
###.##..# #.#
.##.##..###.#
.##.#.....#.######
.##†#...#.#......#
.##.##.#.....)...#
.##..............#
.##.÷#.#########.#
..#..#... #@#
#.#..##### #o#
.........# #o.
#..#..##.# ###.
.......#.# .#
...##.##.# #
....#.##.#
.)..#.##.#
#.#.#....#


You could see an orc priest and an orc.

Vanquished Creatures
  2 scorpions
  A howler monkey (D:2)
  A crimson imp (D:5)
  A hound (D:5)
  2 orc priests (D:5)
  An orc wizard (D:5)
  Jessica (D:2)
  An iguana (D:4)
  4 worker ants
  A hound zombie (D:5)
  A hound skeleton (D:4)
  Robin (D:2)
  3 adders
  3 gnolls (D:5)
  A shadow imp (D:5)
  4 worms
  2 leopard geckos
  8 orcs
  6 giant cockroaches
  15 goblins
  7 hobgoblins
  17 jackals
  A quokka (D:3)
  5 bats
  8 frilled lizards
  11 kobolds
  2 leopard gecko zombies (D:5)
  6 rats
116 creatures vanquished.

Vanquished Creatures (others)
  A hound (D:4)
1 creature vanquished.

Grand Total: 117 creatures vanquished

Notes
Turn   | Place    | Note
-------+----------+-------------------------------------------
     0 | D:1      | mopl the Hill Orc Monk began the quest for the Orb.
     0 | D:1      | Reached XP level 1. HP: 19/19 MP: 1/1
   121 | D:1      | Reached XP level 2. HP: 24/27 MP: 2/2
   351 | D:1      | Reached skill level 1 in Armour
   364 | D:1      | Reached skill level 4 in Fighting
   364 | D:1      | Reached XP level 3. HP: 26/33 MP: 3/3
   493 | D:2      | Noticed Jessica
   505 | D:2      | Reached skill level 5 in Axes
   528 | D:2      | Killed Jessica
   528 | D:2      | Reached XP level 4. HP: 17/40 MP: 4/4
   847 | D:2      | Reached skill level 2 in Armour
  1037 | D:2      | Reached XP level 5. HP: 45/47 MP: 5/5
  1133 | D:2      | Reached skill level 6 in Axes
  1744 | D:3      | Noticed Robin
  1909 | D:2      | Killed Robin
  2567 | D:3      | Noticed Grinder
  3077 | D:4      | Became a worshipper of Beogh the Brigand
  3077 | D:4      | Reached * piety under Beogh
  3077 | D:4      | Reached ** piety under Beogh
  3128 | D:4      | Reached skill level 1 in Invocations
  3128 | D:4      | Reached XP level 6. HP: 32/55 MP: 6/6
  3420 | D:4      | Reached skill level 5 in Fighting
  3428 | D:4      | Found a burning altar of Makhleb.
  3436 | D:4      | Found a shattered altar of Ashenzari.
  3436 | D:4      | Found a hazy altar of Hepliaklqana.
  3561 | D:4      | Reached skill level 3 in Armour
  3737 | D:4      | Got a steaming flail
  3738 | D:4      | Identified the +7 flail of Nism {flame, *Slow MP+9 Str+2
                  | Int+6} (You found it on level 4 of the Dungeon)
  3989 | D:5      | Entered Level 5 of the Dungeon
  3996 | D:5      | Reached skill level 2 in Invocations
  4006 | D:5      | Reached skill level 7 in Axes
  4253 | D:5      | Found Zanwuus's General Store.
  4259 | D:5      | Bought a scroll of remove curse for 36 gold pieces
  4299 | D:5      | Reached skill level 3 in Invocations
  4299 | D:5      | Reached XP level 7. HP: 61/61 MP: 9/9
  4546 | D:5      | Found Ygizy's Weapon Shoppe.
  4672 | D:5      | Reached skill level 4 in Invocations
  4685 | D:5      | HP: 3/61 [orc priest/+3 hand axe (4)]
  4686 | D:5      | Killed from afar by an orc priest

Levels and vault maps discovered:
D:1:      shiori_arrival_elements, layout_basic, minmay_misc_feat_tower
D:2:      layout_rooms, chequers_serial_rivers_micro_a,
          chequers_serial_rivers_small_a, minmay_misc_feat_rows, uniq_jessica
D:3:      layout_rooms, serial_aquarium, aquarium_bridge_island_small
          [aquarium_subvault_small_open, aquarium_subvault_wall,
          aquarium_subvault_wall, aquarium_subvault_balcony,
          aquarium_subvault_bridge], aquarium_bridge_straight
          [aquarium_subvault_bridge, aquarium_subvault_balcony,
          aquarium_subvault_bridge, aquarium_subvault_wall],
          aquarium_window_fake, aquarium_window_1, aquarium_window_2,
          aquarium_window_3, aquarium_view_2c, uniq_robin, uniq_grinder
D:4:      layout_cave_pools, gammafunk_temple_overflow_elements,
          overflow_temple_1_default, serial_rivers,
          chequers_serial_rivers_micro_e, chequers_serial_rivers_small_b,
          chequers_serial_rivers_large_a, chequers_serial_rivers_room_b,
          chequers_serial_rivers_small_a
D:5:      layout_basic, serial_shops, nicolae_shop_statue_plus, shop_fountains,
          first_ration

Skill      XL: |  1  2  3  4  5  6  7 |
---------------+----------------------+-----
Armour         | 1 2 3 |  3.6
Fighting       | 4 5 |  5.5
Axes           | 5 6 7 |  7.8
Invocations    | 1 3 4 |  4.0
Dodging        | |  2.4
Stealth        | |  1.5

Action                   |  1- 3 |  4- 6 |  7- 9 || total
-------------------------+-------+-------+-------++-------
Melee: Hand axe          |   121 |   338 |   104 ||   563
       Flail             |       |    14 |       ||    14
Invok: Convert to Beogh  |       |     1 |       ||     1
  Use: Scroll            |       |     2 |     1 ||     3
       Potion            |       |     1 |       ||     1
  Eat: Chunk             |       |     8 |     1 ||     9
       Ration            |       |     1 |       ||     1
Armor: Plate armour      |   145 |   243 |    67 ||   455
Dodge: Dodged            |    27 |    83 |    14 ||   124

Table legend:
 A = Non-vault XP
 B = Vault XP
 C = Vault XP percentage of total XP
 D = Non-vault monster count
 E = Vault monster count
 F = Vault count percentage of total count
                 A         B        C        D         E       F
            +---------+---------+-------+---------+---------+-------
      Total |     852 |      72 |   7.8 |     104 |      12 |  10.3
            +---------+---------+-------+---------+---------+-------
        D:1 |      38 |       0 |   0.0 |      24 |       0 |   0.0
        D:2 |     128 |      58 |  31.2 |      32 |       5 |  13.5
        D:3 |      38 |      14 |  26.9 |      14 |       7 |  33.3
        D:4 |     155 |       0 |   0.0 |       9 |       0 |   0.0
        D:5 |     493 |       0 |   0.0 |      25 |       0 |   0.0
            +---------+---------+-------+---------+---------+-------
